[Event "AUT Bundesliga 2021-22"]
[Site "Graz"]
[Date "2022.04.23"]
[Round "11.14"]
[White "Markus, Robert"]
[Black "Kvetny, Mark"]
[Result "1/2-1/2"]
[ECO "E10"]
[WhiteElo "2625"]
[BlackElo "2417"]
[Annotator "TA"]
[PlyCount "76"]
[EventDate "2021.01.17"]
[EventType "team-tourn"]
[EventCountry "AUT"]
[SourceTitle "playchess.com"]
[Source "ChessBase"]
[SourceQuality "1"]
[TimeControl "40/5400+30:1800+30"]

1. d4 Nf6 2. c4 e6 3. Nf3 d5 4. e3 c5 5. cxd5 exd5 6. Bb5+ Nc6 7. O-O cxd4 $1 {[%emt 0:01:56][%mdl 4] is recently more successful than 7...Bd6. D30: Queen's Gambit Declined: Systems without Nc3.} 8. exd4 Bd6 9. Re1+ Be6 {[%emt 0:00:15] [#] White has an edge.} 10. Ng5 $146 ({Predecessor:} 10. Bg5 O-O 11. Nc3 Rb8 12. Rc1 h6 13. Bh4 Bf4 14. Ra1 Re8 15. Ne5 Qb6 16. Bxc6 bxc6 {0-1 (36) Tibbert,P (1763)-Lindberg,W (1747) ICCF email 2015}) 10... O-O 11. Nxe6 fxe6 12. Nc3 {[%emt 0:00:05] Prevents Ne4.} Qc7 13. g3 Qf7 14. Be3 h5 15. Be2 h4 16. Bf3 Ne7 17. Bg2 Nf5 18. Bg5 {[%emt 0:07:40] Bxf6 is the strong threat.} hxg3 19. fxg3 {[%emt 0:01:14] Strongly threatening Bxf6.} Nh7 20. Bf4 Bxf4 21. gxf4 Nf6 22. Qd2 Rae8 23. Rf1 Nh5 {[%emt 0:01:47] Pair of Knights!} 24. Rf2 Qg6 25. Ne2 Rf6 26. Kh1 Qh6 27. Bf3 Nhg3+ 28. Nxg3 Nxg3+ 29. Kg1 Nf5 30. Raf1 Ref8 (30... Rg6+ $17 31. Rg2 Rxg2+ 32. Bxg2 Rc8) 31. Bg4 $1 $15 Nd6 {[%emt 0:01:02] Hoping for ...Ne4.} 32. Rf3 (32. Rg2 $15) 32... Rg6 $17 33. Qg2 Qh4 $36 {[%emt 0:00:07][%mdl 2048] Keeping White busy.} 34. h3 Nf5 35. Rd3 Nh6 36. Rg3 (36. Qg3 $142 Qf6 37. Kh1) 36... Nf5 37. Rd3 Nh6 38. Rg3 {[%emt 0:00:06] [#]} Nf5 {[%emt 0:00:18] Weighted Error Value: White=0.11 (very precise) /Black=0.18 (very precise)} (38... Rc8 $1 $17 39. b3 {[#]} (39. Bxe6+ $2 Rxe6 40. Rxg7+ Kh8 $19) 39... Rc2 $3 ) 1/2-1/2

[Event "AUT Bundesliga 2021-22"]
[Site "Graz"]
[Date "2022.04.23"]
[Round "11.15"]
[White "Spitzl, Vinzent"]
[Black "Nagy, Gabor"]
[Result "0-1"]
[ECO "B32"]
[WhiteElo "2319"]
[BlackElo "2530"]
[Annotator "TA"]
[PlyCount "72"]
[EventDate "2021.01.17"]
[EventType "team-tourn"]
[EventCountry "AUT"]
[SourceTitle "playchess.com"]
[Source "ChessBase"]
[SourceQuality "1"]
[TimeControl "40/5400+30:1800+30"]

1. e4 c5 2. Nf3 Nc6 3. d4 cxd4 4. Nxd4 Qb6 5. Nb3 Nf6 6. Nc3 e6 7. Be3 Qc7 8. a3 a6 9. f4 d6 10. g4 {[%emt 0:01:54][%cal Bg2g4,Bg4g5][%mdl 32] outshines the older 10.Be2. B33: Sicilian: Pelikan and Sveshnikov Variations.} b5 11. g5 Nd7 12. h4 {[%emt 0:00:56][%cal Bh2h4,Bh4h5][%mdl 32] White is better.} Bb7 13. Qe2 {[%emt 0:05:01] [#]} O-O-O $146 ({Predecessor:} 13... Na5 14. Nxa5 Qxa5 15. Bd2 Rc8 16. Rd1 Qc7 17. f5 exf5 18. exf5+ Ne5 19. Bg2 Be7 {0-1 (39) Dastan,B (2370)-Czebe,A (2481) Budapest 2012}) 14. O-O-O Kb8 15. h5 Be7 16. Kb1 Rhe8 ({Better is} 16... h6 $1 $14) 17. Qf2 (17. Bh3 $142) 17... Ka8 (17... h6 $16 {keeps fighting.}) 18. Be2 ({White should try} 18. h6 $18 g6 19. Bg2) 18... Rc8 ({Black should play} 18... h6) 19. Rhg1 Bf8 20. g6 fxg6 21. hxg6 hxg6 22. Rxg6 Nf6 23. Bf3 Qf7 24. Rgg1 {[%emt 0:01:09][%cal Oe4e5] [#] Threatens to win with e5!} e5 25. Nd5 exf4 {[%emt 0:03:49] Strongly threatening ...Nxd5.} 26. Nb6+ ({Not} 26. Nxf4 Ne5 27. Nd4 Nxf3 28. Qxf3 Bxe4 $17) (26. Bxf4 Nxd5 27. exd5 Ne5 28. Bxe5 dxe5 $16) 26... Kb8 27. Bxf4 (27. Nxc8 $2 fxe3 28. Qxe3 Rxc8 $19) 27... Rc7 28. Rge1 ({Don't blunder} 28. Bxd6 $2 Bxd6 29. Rxd6 Nxe4 $19) (28. Nd5 $18) 28... Ne5 $16 29. Bg3 $2 {[%emt 0:00:35] [#]} (29. Bxe5 $16 {and life is bright.} Ng4 30. Qg1 (30. Nd7+ $2 Rxd7 31. Bxg4 Qxf2 $19) 30... Nxe5 31. Bg2) 29... Nxf3 $17 30. Qxf3 Bxe4 31. Rxe4 Nxe4 32. Qd3 (32. Qg2 $17 {was worth a try.}) 32... Qh5 $19 33. Be1 Nf6 34. Bf2 (34. Bc3 $142) 34... Qe2 35. Qd4 (35. Qxe2 {is tougher.} Rxe2 36. Bd4) 35... Qxc2+ 36. Ka2 Re4 {[%emt 0:00:08] Weighted Error Value: White=0.51/Black=0.21 (precise)} 0-1

[Event "AUT Bundesliga 2021-22"]
[Site "Graz"]
[Date "2022.04.23"]
[Round "11.16"]
[White "Mesaros, Florian"]
[Black "Richter, Nils"]
[Result "1/2-1/2"]
[ECO "D37"]
[WhiteElo "2419"]
[BlackElo "2320"]
[Annotator "TA"]
[PlyCount "107"]
[EventDate "2021.01.17"]
[EventType "team-tourn"]
[EventCountry "AUT"]
[SourceTitle "playchess.com"]
[Source "ChessBase"]
[SourceQuality "1"]
[TimeControl "40/5400+30:1800+30"]

1. d4 Nf6 2. c4 e6 3. Nf3 d5 4. Nc3 Nbd7 5. Bf4 dxc4 6. e3 Nb6 {[%emt 0:00:29] [#]} 7. Bxc4 $1 {[%emt 0:05:22][%mdl 64] Decoy. D37: Queen's Gambit Declined: 5 Bf4.} Nxc4 8. Qa4+ c6 9. Qxc4 {[%emt 0:00:10] The position is equal.} Nd5 10. Bg3 Qb6 11. Qe2 Nxc3 12. bxc3 Qb5 13. a4 Qxe2+ 14. Kxe2 {[%emt 0:00:02] [#]} b6 $146 ({Predecessor:} 14... Be7 15. Rhb1 f6 16. a5 Kf7 17. Nd2 c5 18. Ne4 cxd4 19. cxd4 Rd8 20. f3 Ke8 {1-0 (52) Faizrakhmanov,R (2450)-Goganov,A (2602) Sochi 2020}) 15. a5 {[%emt 0:15:23] aiming for axb6.} Ba6+ 16. Kd2 {[%emt 0:02:12] Hoping for axb6.} b5 17. Ng5 Rd8 18. Kc2 Be7 19. Ne4 f6 20. Rhd1 Kf7 21. f3 h5 22. h4 Rh6 23. Bf4 Rhh8 24. Bg3 Rd5 25. Nc5 Bxc5 26. e4 Bd6 27. Be1 Bc8 28. Ra2 a6 29. Kb3 {[%emt 0:05:49] [#]} (29. Raa1 $11) 29... Bd7 30. Re2 Bc7 {[%emt 0:01:31] And now ...Rd6 would win.} 31. exd5 cxd5 32. Bd2 Rc8 {[%emt 0:04:05][%mdl 1024] Black has compensation.} 33. g4 Rh8 (33... Bxa5 34. Ra1 Bc7 35. Rxa6 $16) 34. Rh1 Bc8 ({Much less strong is} 34... Bxa5 35. Ra1 Bd8 36. Rxa6 $16) 35. Kb4 Bd6+ 36. Kb3 Bc7 37. Rg2 Bxa5 38. Bf4 hxg4 39. fxg4 g5 40. Bd6 Bd8 41. Rgh2 gxh4 42. Rxh4 Rxh4 43. Rxh4 $11 {[%emt 0:00:05][%mdl 4096] Endgame Black must now prevent Rh8. KRB-KB} Kg7 {[%emt 0:00:23] Against Rh8} 44. Kb4 Bd7 45. Kc5 $1 {[%emt 0:06:27] Against Bb6+} a5 {[%emt 0:01:40] [#]} (45... Be8 $14) 46. Bf4 $2 (46. Bf8+ $1 $18 Kg8 {[#]} 47. Kd6 $1) 46... Be7+ 47. Kb6 b4 48. Kxa5 bxc3 49. Rh3 e5 50. dxe5 fxe5 51. Bxe5+ Bf6 52. Bxc3 Bxg4 $2 (52... Bxc3+ $11 53. Rxc3 Kf6) 53. Rg3 Bxc3+ 54. Rxc3 {[%mdl 32768] Weighted Error Value: White=0.09 (flawless) /Black=0.09 (flawless) . An unexpected result.} 1/2-1/2

[Event "AUT Bundesliga 2021-22"]
[Site "Graz"]
[Date "2022.04.23"]
[Round "11.17"]
[White "Neyman, Igor"]
[Black "Poetz, Florian"]
[Result "1-0"]
[ECO "A41"]
[WhiteElo "2325"]
[BlackElo "2424"]
[Annotator "TA"]
[PlyCount "63"]
[EventDate "2021.01.17"]
[EventType "team-tourn"]
[EventCountry "AUT"]
[SourceTitle "playchess.com"]
[Source "ChessBase"]
[SourceQuality "1"]
[TimeControl "40/5400+30:1800+30"]

1. d4 d6 2. Nf3 Bg4 3. e4 Nf6 4. Bd3 e6 5. h3 Bh5 6. Be3 {[%emt 0:08:23] A41: 1 d4 d6: Tartakower System and Modern Defence.} d5 7. Nbd2 Bg6 {[%emt 0:14:58][%cal Rd5e4] [#]} 8. Bg5 $146 {[%emt 0:11:11] The position is equal.} ({Predecessor:} 8. e5 Nfd7 9. Qe2 c5 10. c3 Nc6 11. O-O Be7 12. a3 Bxd3 13. Qxd3 c4 14. Qe2 {0-1 (47) Holmela,K-Blasco Frasquet,R (2090) Brno 1998}) 8... Be7 9. Qe2 O-O 10. e5 {[%emt 0:08:39] [#] Bxg6 is the strong threat.} Nfd7 11. Bxe7 Qxe7 12. Bxg6 fxg6 13. O-O c5 14. c4 (14. Qb5 $5 ) 14... Nb6 (14... Nc6 $11) 15. dxc5 Qxc5 16. Rac1 Qe7 (16... Nc6 $14) 17. c5 {[%emt 0:05:37] White stays focused until the end.} N6d7 18. Qb5 Nc6 19. Qxb7 Rfc8 20. Nb3 Rab8 21. Qa6 {[%emt 0:00:18] &Bianco is more active.} Nb4 (21... Qe8 $16 {was necessary.}) 22. Qd6 $18 ({Weaker is} 22. Qxa7 Ra8 23. Qb7 Rab8 $11) 22... Qxd6 (22... Qe8 $16) 23. cxd6 Nd3 24. Rxc8+ Rxc8 25. Nbd4 Re8 $2 {[%emt 0:03:37] [#]} (25... N7xe5 26. Nxe5 (26. Nxe6 Rc6 $16) 26... Nxe5) 26. Nc6 h6 27. Rd1 {[%emt 0:00:44] White is clearly winning.} Nxb2 28. Rb1 Nd3 29. Rb7 N3c5 30. Rxa7 Rf8 31. Nfd4 Nb6 32. a4 {[%emt 0:03:08] Weighted Error Value: White=0.06 (flawless) /Black=0.34} 1-0

[Event "AUT Bundesliga 2021-22"]
[Site "Graz"]
[Date "2022.04.23"]
[Round "11.18"]
[White "Csonka, Attila Istvan"]
[Black "Kranz, Armin"]
[Result "1/2-1/2"]
[ECO "C54"]
[WhiteElo "2334"]
[BlackElo "2113"]
[Annotator "TA"]
[PlyCount "134"]
[EventDate "2021.01.17"]
[EventType "team-tourn"]
[EventCountry "AUT"]
[SourceTitle "playchess.com"]
[Source "ChessBase"]
[SourceQuality "1"]
[TimeControl "40/5400+30:1800+30"]

1. e4 e5 2. Nf3 Nc6 3. Bc4 Bc5 4. c3 Nf6 5. d4 exd4 6. e5 d5 7. Bb5 Ne4 8. cxd4 Bb6 9. Nc3 O-O 10. Be3 {[%emt 0:01:18] C54: Giuoco Piano: 4 c3 Nf6, main lines with 5 d4 and 5 d3.} Bg4 11. h3 Bf5 {[%emt 0:12:38] [#]} 12. Rc1 $146 {[%emt 0:07:13] White is slightly better.} ({Predecessor:} 12. O-O Ne7 13. Nh4 Be6 14. Bd3 c5 15. Bxe4 dxe4 16. dxc5 Bc7 17. Qh5 Ng6 18. Nxg6 hxg6 19. Qe2 Bxe5 20. Nxe4 {1-0 (39) Lagarde,M (2625)-Jianu,V (2535) Athens 2021}) 12... Ne7 13. O-O Kh8 14. Bd3 Nxc3 15. bxc3 Bxd3 16. Qxd3 Qd7 17. Bg5 f6 18. Bd2 Ng6 19. Rce1 Rae8 20. exf6 gxf6 21. Bh6 Rg8 22. Rxe8 (22. Nh2 $5 ) 22... Rxe8 23. Re1 Rxe1+ 24. Nxe1 c6 25. Qf3 Qe6 26. Nd3 (26. Nc2 $5 ) 26... Bc7 {[%emt 0:01:05] Prevents Qg3.} 27. g3 {[%emt 0:01:54] Strongly threatening Nc5.} Bd6 28. h4 (28. Qe3 {looks sharper.} Qe4 29. g4 Nh4 30. Qxe4 dxe4 31. Nc1) 28... Ne7 29. Bf4 Ba3 30. Bb8 a6 31. Ba7 a5 $2 (31... Bd6 $11 {and Black is okay.}) 32. Bc5 $1 $18 Bxc5 33. Nxc5 Qf5 (33... Qe1+ $142 34. Kg2 Ng8 35. Nxb7 a4) 34. Qxf5 Nxf5 35. Nxb7 {[%emt 0:00:37][%mdl 4096] Endgame KN-KN} a4 36. Nd8 Nd6 37. Nxc6 Nb5 38. Nb4 Nxc3 39. Kf1 {[%emt 0:00:15] Ke1 is the strong threat.} Kg7 40. Ke1 {[%emt 0:00:52] Threatens to win with Kd2.} Nb5 $2 (40... Kf7 {was worth a try.} 41. Kd2 Ne4+ 42. Ke2 Ke6) 41. Nxd5 Nxd4 42. Nc3 a3 43. Kd2 Kg6 44. Ke3 Nc6 45. Ke4 Nb4 46. g4 {[%emt 0:00:00] Against f5+} (46. Kd4 $1 $18 {is the precise move to win.}) 46... h5 $2 (46... h6 $16 47. f4 h5) 47. f3 Nc6 48. Nd5 ({Only move:} 48. Kd5 $1 $18 Nb4+ 49. Ke4) 48... hxg4 $2 (48... Kg7 $16 49. Nc3 (49. gxh5 Kh6 $18) 49... Kh7) 49. fxg4 Na5 50. Ne3 Nc6 51. Nd5 Na5 $1 52. Kf4 {[%emt 0:00:00] Hoping for h5+.} Nb3 53. Nc3 Nd4 54. h5+ Kf7 (54... Kh6 $142 55. Nd5 Kg7) 55. Ke4 Nc6 56. Nd5 Kg7 57. Kf5 Nd4+ 58. Kf4 $1 Nc6 59. Nc3 Kf7 {[%emt 0:00:22] [#]} 60. Ke4 $1 Kg7 {[%emt 0:01:41] [#]} 61. Nb5 $2 (61. Kd5 $1 $18 Ne5 62. Nb5 (62. g5 Ng4 $18)) 61... Nb4 $16 62. Kf5 (62. Nxa3 $16 {next Nc4 is good for White.} Nxa2 63. Nb5) 62... Nxa2 $11 {[%emt 0:01:07] The position is equal.} 63. h6+ Kxh6 64. Kxf6 Nb4 65. g5+ Kh5 {[%emt 0:00:39] ( -> ...a2)} 66. Nxa3 Nd5+ 67. Ke5 Kxg5 {[%emt 0:00:09] Blacks defense is rewarded with a draw.  Weighted Error Value: White=0.26 (precise) /Black=0.38} 1/2-1/2

[Event "AUT Bundesliga 2021-22"]
[Site "Graz"]
[Date "2022.04.23"]
[Round "11.19"]
[White "Shengelia, David"]
[Black "Haba, Petr"]
[Result "1/2-1/2"]
[ECO "D11"]
[WhiteElo "2503"]
[BlackElo "2441"]
[Annotator "TA"]
[PlyCount "159"]
[EventDate "2021.01.17"]
[EventType "team-tourn"]
[EventCountry "AUT"]
[SourceTitle "playchess.com"]
[Source "ChessBase"]
[SourceQuality "1"]
[TimeControl "40/5400+30:1800+30"]

1. d4 d5 2. c4 c6 3. Nf3 Nf6 4. e3 Bg4 5. h3 Bxf3 6. Qxf3 e6 7. Nc3 Nbd7 8. Bd3 Be7 9. cxd5 {[%emt 0:04:10] D11: Slav Defence: 3 Nf3 sidelines and 3...Nf6 4 e3 Bg4.} cxd5 10. O-O O-O 11. Bd2 {[%emt 0:00:29] White has an edge.} Nb6 {[%emt 0:08:18] [#]} 12. a4 $146 ({Predecessor:} 12. Rfc1 Rc8 13. Rc2 a6 14. Rac1 Qd7 15. Be1 Rc6 16. Qe2 Rfc8 17. Nb1 Rxc2 18. Rxc2 {½-½ (65) Greet,A (2414)-Turner,M (2517) Hull 2019}) 12... Bb4 13. Rfc1 (13. a5 $5 Nc8 14. Rfd1 $14) 13... Nc8 14. Qd1 $36 {[%emt 0:11:43][%mdl 2048] White has the initiative.} Nd6 15. a5 Bxa5 {[%emt 0:16:23] [#]} 16. Nxd5 $1 Bxd2 17. Nxf6+ Qxf6 18. Qxd2 e5 ({Black should play} 18... Qe7 $14) 19. dxe5 $16 Qxe5 20. Ra5 Qe7 21. Rd5 {[%emt 0:00:51][%cal Od5d6] [#] Rxd6! is the strong threat. &Bianco is more active.} Ne4 22. Bxe4 Qxe4 23. Rc7 b6 24. Rdd7 a5 25. Rb7 a4 26. Re7 Qb1+ 27. Kh2 Qa2 ({Better is} 27... Rad8 $14 28. Qb4 Qf5) 28. Qb4 (28. Qd4 {seems wilder.} a3 29. Rxb6 Rad8 30. Qa4) 28... a3 29. Qxb6 axb2 30. Qxb2 Qxb2 31. Rxb2 {[%emt 0:00:02][%mdl 4096] Endgame KRR-KRR} h5 32. Rb4 Rae8 33. Reb7 g6 34. g4 hxg4 35. hxg4 Kg7 36. Kg3 Re6 37. Rf4 Re5 38. Ra4 Re6 39. g5 Re5 40. Kg4 Rfe8 41. Rf4 R8e7 42. Rxe7 Rxe7 {[%emt 0:00:03] KR-KR} 43. Ra4 Rb7 44. e4 Rb2 45. f3 Rg2+ 46. Kf4 Rg1 47. Ra7 Rg2 48. Re7 Rg1 49. Rd7 Rg2 50. Rd1 Rf2 51. Ke3 Ra2 52. Rd7 Ra3+ 53. Rd3 Ra5 54. f4 Ra4 55. Rd7 Ra1 56. Rd5 Rf1 57. Rd6 Kf8 58. Rf6 Ra1 59. Rc6 Rf1 60. Rc8+ Kg7 61. Rc5 Kg8 62. Rc2 Kg7 63. Rd2 Kg8 64. Rf2 Ra1 65. Rb2 Rf1 66. Rc2 Kg7 $1 67. Rc8 Kh7 68. Rc5 Kg8 $1 69. f5 (69. Ra5 $16) 69... gxf5 $11 {[%emt 0:00:05] The position is equal.} 70. Rxf5 Ra1 71. Kf4 Kg7 72. Rb5 Rg1 73. Rb7 Rf1+ 74. Ke5 Rg1 75. Kf4 Rf1+ 76. Ke3 $1 Kg6 77. Rb5 Rg1 78. Kf4 Rf1+ 79. Ke3 Rg1 80. Kf4 {[%emt 0:00:04] Weighted Error Value: White=0.03 (flawless) /Black=0.05 (flawless)} 1/2-1/2

[Event "AUT Bundesliga 2021-22"]
[Site "Graz"]
[Date "2022.04.23"]
[Round "11.20"]
[White "Kilgus, Georg"]
[Black "Doric, Darko"]
[Result "1/2-1/2"]
[ECO "D02"]
[WhiteElo "2415"]
[BlackElo "2478"]
[Annotator "TA"]
[PlyCount "108"]
[EventDate "2021.01.17"]
[EventType "team-tourn"]
[EventCountry "AUT"]
[SourceTitle "playchess.com"]
[Source "ChessBase"]
[SourceQuality "1"]
[TimeControl "40/5400+30:1800+30"]

1. d4 d5 2. Nf3 c6 3. Bf4 Qb6 4. Nbd2 Qxb2 5. Rb1 {[%emt 0:00:07] [#]} Qa3 $146 ({Predecessor:} 5... Qxa2 6. e4 dxe4 7. Bc4 Qa5 8. Ne5 e6 9. O-O Nf6 10. Re1 Nd5 11. Ra1 Qd8 {1-0 (21) Lindam,I (2069)-Hinkmann,J (1967) Germany 2007}) 6. e3 {[%emt 0:08:53][%mdl 1024] White has compensation. D02: 1 d4 d5 2 Nf3 sidelines, including 2...Nf6 3 g3 and 2...Nf6 3 Bf4.} e6 7. Bd3 Nf6 8. O-O {[%emt 0:01:04] White is slightly better.} Be7 9. Rb3 (9. e4 $14) 9... Qa5 10. c4 O-O 11. Qc2 Nbd7 12. g4 g6 (12... Nxg4 {feels hotter.} 13. Bxh7+ Kh8 14. Bd3 Qd8) 13. h4 (13. h3 $11 {remains equal.}) 13... Nxg4 $17 14. cxd5 (14. h5 $142) 14... exd5 ({Not} 14... cxd5 15. Kg2 $17) 15. h5 f5 16. Kg2 Ndf6 17. hxg6 hxg6 18. Nh4 Ne4 (18... Kg7 $17 {Strongly threatening ...Ne4.} 19. Rfb1 Ne4 20. Nxe4 fxe4 21. Rxb7 Bxb7 22. Rxb7 Rf7 23. Qxc6 Bxh4 24. Rxf7+ Kxf7 25. Qb7+ (25. Be2 $2 Nxe3+ 26. Bxe3 Rd8 $19) 25... Be7) 19. Nxg6 $11 Rf7 20. Nf3 Bf6 {[%emt 0:01:05] ...Rg7 is the strong threat.} 21. Nfe5 (21. Nge5 $1 $15 Rg7 22. Nxg4) 21... Bxe5 (21... Nxe5 $17 22. dxe5 Rg7 $1 23. exf6 Rxg6+ 24. Kh1 Qd8) 22. Nxe5 $15 Rg7 $36 {[%emt 0:00:49][%csl LRe3,LRe5][%mdl 2048] Black has some pressure.} 23. Nxg4 Rxg4+ 24. Bg3 Qd8 (24... Qc7 $5 25. Bxe4 fxe4 $17) 25. Rh1 Qf6 26. Bxe4 ({White should play} 26. Rbb1 $15) 26... fxe4 $17 27. Qe2 b6 28. f3 $2 {[%emt 0:01:18] [#]} (28. Rbb1 $1 $15) 28... Ba6 $1 29. Qf2 exf3+ 30. Qxf3 {[%emt 0:00:02] [#]} Qg7 31. Kf2 Rf8 32. Bf4 Bc4 ({Better is} 32... Bc8 $19 {[%cal Of8f4] Hoping for ...Rfxf4!} 33. Ke1 Rg2) 33. Ra3 Rfxf4 34. exf4 $11 Qxd4+ 35. Qe3 (35. Ke1 $5 Rg6 36. Qh3 Rg1+ 37. Rxg1+ Qxg1+ 38. Kd2 Qd4+ 39. Kc1 Qxf4+ 40. Kd1 Qd4+ 41. Kc1 Qg1+ 42. Kd2 Qf2+ 43. Kc1 Qf4+ 44. Kd1 Qd4+ 45. Kc1 Qg1+ 46. Kd2 Qf2+ 47. Kc1 Qg1+ $11) 35... Rxf4+ 36. Kg3 $1 {[%emt 0:00:02] The board is on fire.} Qxe3+ ({But not} 36... Rg4+ $2 37. Kh3 Rh4+ 38. Kg2 Qxe3 39. Rxe3 Rxh1 40. Kxh1 $19) 37. Rxe3 {[%emt 0:00:03][%mdl 4096] Endgame KRR-KRB} Rf7 38. Re8+ Kg7 39. Kg4 (39. a4 $15) 39... d4 $17 40. Reh8 (40. a4 $17) 40... Bd3 (40... Kf6 $19 {aiming for ...Ke7.} 41. R1h6+ Ke5 42. Rxc6 Bxa2 43. Re8+ Kd5) 41. Rd8 c5 42. a4 {[%emt 0:05:36] Prevents Bb5.} (42. Re1 $17) 42... Bg6 $2 (42... Bc2 $19 43. a5 Kf6 44. Rh6+ Ke5 45. axb6 axb6 46. Rxb6 Bf5+ 47. Kg3 Bd7) 43. a5 $15 bxa5 (43... Bd3 $15) 44. Rc1 $11 Rf5 45. Ra8 d3 {[%emt 0:01:31] White must now prevent ...d2.} 46. Rxa7+ Kh6 {[%emt 0:01:44] Threatens to win with ...d2.} 47. Rd7 Rh5 48. Kf3 a4 49. Rd6 a3 50. Rg1 Rg5 51. Rxg5 Kxg5 52. Rd5+ Kh6 $2 (52... Kh4 $11 53. Rxc5 a2) 53. Rxc5 a2 54. Ra5 d2 {[%emt 0:00:05][%mdl 32768] Weighted Error Value: White=0.26 (precise) /Black=0.26 (precise) . An unexpected result.} 1/2-1/2

[Event "AUT Bundesliga 2021-22"]
[Site "Graz"]
[Date "2022.04.23"]
[Round "11.21"]
[White "Lehner, Oliver"]
[Black "Schwabeneder, Florian"]
[Result "0-1"]
[ECO "C50"]
[WhiteElo "2393"]
[BlackElo "2437"]
[Annotator "TA"]
[PlyCount "88"]
[EventDate "2021.01.17"]
[EventType "team-tourn"]
[EventCountry "AUT"]
[SourceTitle "playchess.com"]
[Source "ChessBase"]
[SourceQuality "1"]
[TimeControl "40/5400+30:1800+30"]

1. e4 Nc6 2. Nf3 e5 3. Bc4 Bc5 4. d3 Nf6 5. Bg5 h6 6. Bh4 Be7 {[%emt 0:02:38] C50: Hungarian Defence and Giuoco Pianissimo.} 7. Nbd2 d6 8. c3 {[%emt 0:00:18] [#]} Nh7 $146 {[%emt 0:14:46] The position is equal.} (8... g5 $5 9. Bg3 g4 $11) ({Predecessor:} 8... a6 9. a4 Nh5 10. Bg3 g6 11. O-O O-O 12. b4 Kg7 13. Ba2 f5 14. exf5 Nxg3 15. fxg3 gxf5 {½-½ (44) Sevian,S (2665)-Mikhalevski,V (2578) Sturbridge 2019}) 9. Bg3 Ng5 10. h4 Nxf3+ 11. Qxf3 O-O 12. b4 {[%emt 0:04:38] Inhibits Na5.} Kh8 13. Qe2 ({Reject} 13. Bxf7 g6 14. b5 Na5 $17) 13... f5 14. f3 Qe8 15. Bf2 a5 16. b5 Nd8 17. a4 c6 18. g3 Ne6 19. exf5 Rxf5 20. d4 {[%emt 0:00:07] [#]} exd4 $1 21. cxd4 ({Don't blunder} 21. Bxe6 $2 Re5 22. Bxc8 Rxe2+ 23. Kxe2 Rxc8 24. Bxd4 cxb5 $19) 21... d5 22. Bd3 Rf8 23. Kf1 (23. O-O $11 {keeps the balance.}) 23... c5 (23... cxb5 $17 24. f4 bxa4) 24. Re1 c4 $36 {[%emt 0:03:50][%mdl 2048] Black is pushing.} 25. Bb1 {[%emt 0:00:26][%cal Od2c4] Black must now prevent Nxc4!} Bb4 26. Rd1 (26. f4 $11) 26... Qf7 $19 27. Kg2 {[%emt 0:00:08] [#]} Nc7 (27... Re8 $1 $19 {[%cal Oe6f4] and Black stays clearly on top. aiming for ...Nf4+!} 28. Be3 Nf8) 28. Nf1 $17 Bf5 29. Bxf5 Qxf5 30. Ne3 Rae8 {[%emt 0:01:03][%cal Ba8e8,Be8e2,Be2a2][%mdl 32] &Nero is more active.} 31. Nxf5 $2 ({White should play} 31. f4 $1 $15) 31... Rxe2 $19 32. Ne3 Re8 33. Ng4 (33. b6 R8xe3 34. bxc7) 33... Ra2 34. Ra1 Ree2 35. f4 Na8 36. h5 Nb6 37. f5 Nxa4 38. Rxa2 Rxa2 39. Kh3 (39. Kf3 $142 Ra3+ 40. Be3) 39... Nc3 {[%emt 0:00:52] Black is clearly winning.} 40. Be3 Ne4 41. f6 Nxf6 42. Nxf6 gxf6 43. Rf1 Re2 44. Bxh6 a4 {[%emt 0:00:09] Weighted Error Value: White=0.48/Black=0.14 (very precise)} 0-1

[Event "AUT Bundesliga 2021-22"]
[Site "Graz"]
[Date "2022.04.23"]
[Round "11.22"]
[White "Leisch, Lukas"]
[Black "Tica, Sven"]
[Result "1/2-1/2"]
[ECO "A14"]
[WhiteElo "2403"]
[BlackElo "2423"]
[Annotator "TA"]
[PlyCount "60"]
[EventDate "2021.01.17"]
[EventType "team-tourn"]
[EventCountry "AUT"]
[SourceTitle "playchess.com"]
[Source "ChessBase"]
[SourceQuality "1"]
[TimeControl "40/5400+30:1800+30"]

1. c4 e6 2. g3 d5 3. Bg2 Nf6 4. Nf3 Be7 5. O-O O-O 6. d4 a5 7. Ne5 {[%emt 0:07:58] 7.Qc2 is becoming the main line. E06: Closed Catalan: Early deviations.} c6 8. Nc3 b6 ({Better is} 8... Nfd7 $11) 9. Re1 {[%emt 0:12:32] White is slightly better.} Ba6 10. b3 {[%emt 0:07:56] [#]} (10. cxd5 $14 cxd5 11. e4) 10... Nfd7 $146 ({Predecessor:} 10... b5 11. a3 Nfd7 12. Nxc6 Nxc6 13. cxb5 Bxb5 14. Nxb5 Qb6 15. a4 Rfc8 16. Ba3 Bxa3 17. Rxa3 {1-0 (33) Yang,C-Kirillov,D (2249) Chess.com INT 2022}) 11. Nxd7 Nxd7 12. cxd5 cxd5 13. Bb2 b5 14. e4 b4 15. Na4 Nf6 16. f3 Rc8 17. Rc1 Rxc1 18. Qxc1 Qb8 19. Qe3 Rc8 20. Nc5 Bb5 21. e5 Nd7 22. Nxd7 Bxd7 23. Rc1 Rxc1+ 24. Qxc1 Qc8 (24... a4 $15 {was preferrable.}) 25. Qxc8+ {[%emt 0:01:21] The position is equal.} Bxc8 {[%emt 0:00:15] KBB-KBB} 26. Bf1 Bd7 27. Kf2 Bc6 28. Bd3 Bd7 29. Bc1 Bc6 30. Be3 Bd7 {[%emt 0:00:24] Weighted Error Value: White=0.10 (very precise) /Black=0.12 (very precise)} 1/2-1/2